 Dungeon Crawl Stone Soup version 0.23.2-33-g5129a83184 (webtiles) character file.

Game seed: 9088293232142167551

1973 feskslo the Stinger (level 9, -4/68 HPs)
             Began as a Naga Wizard on June 26, 2019.
             Was a Follower of Cheibriados.
             Slain by a wight
             ... wielding a cursed +0 flail
              (7 damage)
             ... on level 6 of the Dungeon.
             The game lasted 01:00:51 (9362 turns).

feskslo the Stinger (Naga Wizard)                   Turns: 9362, Time: 01:00:51

Health: -4/68      AC:  6    Str: 12    XL:     9   Next: 20%
Magic:  1/17       EV:  9    Int: 26    God:    Cheibriados [*.....]
Gold:   332        SH:  0    Dex: 11    Spells: 7/18 levels left

rFire    . . .     SeeInvis +   j - -1 falchion (curse)
rCold    . . .     Gourm    .   (no shield)
rNeg     . . .     Faith    .   p - -1 robe (curse)
rPois    +         Spirit   .   b - +0 hat
rElec    .         Reflect  .   k - +0 cloak
rCorr    .         Harm     .   o - +1 pair of gloves
MR       +....                  (no barding)
Stlth    ++........             (no amulet)
HPRegen  0.21/turn              l - +2 ring of intelligence
MPRegen  0.15/turn              (no ring)

@: marked, very slightly contaminated, heavily drained, invisible, very slow
A: large, see invisible, deformed body, poison resistance, slowness 2, slow
metabolism 1, spit poison 1, AC +3
a: Spit Poison, Bend Time, Renounce Religion


You were on level 6 of the Dungeon.
You worshipped Cheibriados.
Cheibriados was aware of your devotion.
You were not hungry.

You visited 1 branch of the dungeon, and saw 6 of its levels.

You collected 332 gold pieces.

Inventory:

Hand Weapons
 j - a cursed -1 falchion (weapon)
 v - a +6 scimitar
 z - a +4 short sword
Armour
 a - a +0 robe
 b - a +0 hat (worn)
 f - the +1 ring mail "Dinufeps" {rC+ rCorr Int+6}
   (You found it on level 5 of the Dungeon)

   It affects your intelligence (+6).
   It protects you from cold.
   It provides partial protection from all sources of acid and corrosion.
 k - a +0 cloak (worn)
 o - a +1 pair of gloves (worn)
 p - a cursed -1 robe (worn)
Jewellery
 l - a +2 ring of intelligence (left hand)
 y - an uncursed ring of ice
Wands
 g - a wand of iceblast (7)
 h - a wand of disintegration (16)
 q - a wand of digging (6)
Scrolls
 i - 4 scrolls of enchant weapon
 m - 2 scrolls of identify
 r - a scroll of enchant armour
Potions
 e - a potion of cancellation
Comestibles
 d - 3 rations


   Skills:
 - Level 1.5(0.2) Dodging
 - Level 3.0(1.5) Stealth
 + Level 5.3(3.8) Spellcasting
 + Level 6.2(4.6) Conjurations
 - Level 1.8(0.4) Hexes
   Level 1.0(0.0) Summonings
 - Level 2.2(0.8) Translocations
 + Level 4.3(2.8) Fire Magic
 + Level 2.7(1.3) Air Magic
 * Level 7.5(5.9) Poison Magic


You had 7 spell levels left.
You knew the following spells:

 Your Spells              Type           Power        Failure   Level  Hunger
a - Magic Dart            Conj           ####         1%          1    None
b - Blink                 Tloc           N/A          10%         2    #......
c - Slow                  Hex            #.......     11%         2    #......
d - Conjure Flame         Conj/Fire      ###.....     5%          3    ##.....
e - Mephitic Cloud        Conj/Pois/Air  ####....     4%          3    ##.....

Your spell library contained the following spells:

 Spells                   Type           Power        Failure   Level  Hunger
 Call Imp                 Summ           #.......     13%         2    #......


Dungeon Overview and Level Annotations

Branches:
Dungeon (6/15)
 Temple: D:4-7

Altars:
Ashenzari
Cheibriados
Dithmenos
Kikubaaqudgha
Okawaru
Uskayaw

Shops:
D:4 ?

Annotations:
D:3 Grinder


Innate Abilities, Weirdness & Mutations

You cannot wear boots.
Your serpentine skin is tough. (AC +3)
You have supernaturally acute eyesight. (SInv)
Armour fits poorly on your strangely shaped body.
Your system is resistant to poisons. (rPois)
You cover ground very slowly.
You have a slow metabolism.
You can spit poison.


Message History

You feel drained.
* * * LOW HITPOINT WARNING * * *
The wight barely misses you.
Casting: Magic Dart (safe; 1% risk of failure)
Confirm with . or Enter, or press ? or * to list all spells.
You blink.
The wight hits you with a cursed +0 flail.
* * * LOW HITPOINT WARNING * * *
You feel drained.
Press: ? - help, v - describe, . - travel The floor.
As you read the scroll of fear, it crumbles to dust.
You assume a fearsome visage.
The wight is unaffected.
Okay, then.
As you read the scroll of fog, it crumbles to dust.
The scroll dissolves into smoke.
The wight hits you with a cursed +0 flail.
* * * LOW HITPOINT WARNING * * *
The wight hits you with a cursed +0 flail!
You die...

)...#.,.....#.# #.#
.#.....#...(.## #.#
.#.###.#.....### #.#
.#..,..#.......# #..
....#,......##.# ###
###)#.###...##.##### #
,,,(#..............# #
,*,..,.#.........§.# #
,*,***,#......§z@..########
#
,*,,,,,#....#.§§§..).)....#
#####
,,,,#.......#.§§§.#######=#
#....
,,,,#.###..#.....§........#
#(###
*,,,#,,....#..(....######.#
#.# # **,,,,,#...#.......#
#z# #.# #
*,,,,,,#..........### #.#
#.# # ,,*,,,,#...#......).#
##.###.#
***,*,,,,.##..#.###.#
##...##.#


You could see a wight.

Vanquished Creatures
  An orc warrior (D:6)
  A phantom (D:4)
  An eye of draining (D:6)
  2 ogres
  Blork the orc (D:5)
  2 bullfrogs (D:6)
  4 scorpions
  5 wights (D:6)
  2 howler monkeys (D:4)
  4 crimson imps
  A centaur zombie (D:6)
  A hound (D:4)
  A bullfrog skeleton (D:5)
  An orc priest (D:4)
  Crazy Yiuf (D:5)
  Jessica (D:3)
  2 iguanas
  Ijyb (D:5)
  Terence (D:2)
  Natasha (thrice) (D:3 D:2)
  5 orc wizards
  2 worker ants (D:5)
  A hound zombie (D:6)
  2 hound skeletons (D:4)
  A mummy (D:5)
  5 adders
  A howler monkey skeleton (D:5)
  3 oozes
  An adder skeleton (D:4)
  3 worms
  3 leopard geckos
  14 orcs
  5 bats
  8 giant cockroaches
  7 hobgoblins
  4 jackals (D:2)
  6 quokkas
  A ball python (D:1)
  8 frilled lizards
  3 goblins
  7 kobolds
  A leopard gecko zombie (D:6)
  2 quokka zombies
  3 rats
132 creatures vanquished.

Notes
Turn   | Place    | Note
-------+----------+-------------------------------------------
     0 | D:1      | feskslo the Naga Wizard began the quest for the Orb.
     0 | D:1      | Reached XP level 1. HP: 15/15 MP: 4/4
   443 | D:1      | Reached XP level 2. HP: 8/22 MP: 0/6
   797 | D:1      | Learned a level 2 spell: Blink
   800 | D:1      | Learned a level 2 spell: Slow
  1068 | D:2      | Reached XP level 3. HP: 28/28 MP: 2/7
  1638 | D:2      | Reached XP level 4. HP: 31/36 MP: 1/9
  1903 | D:2      | Reached skill level 1 in Hexes
  2256 | D:2      | Reached XP level 5. HP: 42/42 MP: 5/10
  2595 | D:3      | Learned a level 3 spell: Conjure Flame
  2595 | D:3      | Noticed Terence
  2598 | D:3      | Noticed Jessica
  2631 | D:2      | Killed Terence
  2771 | D:3      | Killed Jessica
  2978 | D:3      | Noticed Natasha
  2987 | D:3      | Killed Natasha
  3321 | D:3      | Noticed Grinder
  3580 | D:3      | Paralysed by Grinder for 7 turns
  3638 | D:3      | Noticed Natasha
  3644 | D:3      | Paralysed by Grinder for 3 turns
  3654 | D:2      | Killed Natasha
  3654 | D:2      | Reached skill level 1 in Fire Magic
  3654 | D:2      | Reached XP level 6. HP: 21/49 MP: 1/11
  3834 | D:3      | Paralysed by Grinder for 5 turns
  3840 | D:3      | Paralysed by Grinder for 5 turns
  3876 | D:2      | Noticed Natasha
  3881 | D:2      | Killed Natasha
  4307 | D:4      | Found a hide-covered altar of Uskayaw.
  4316 | D:4      | Found a shattered altar of Ashenzari.
  4325 | D:4      | Found a shadowy altar of Dithmenos.
  4337 | D:4      | Found an ancient bone altar of Kikubaaqudgha.
  4587 | D:4      | Found Ceoqopa's Magic Scroll Boutique.
  4749 | D:4      | Learned a level 3 spell: Mephitic Cloud
  4815 | D:4      | Found an iron altar of Okawaru.
  5039 | D:4      | Reached skill level 1 in Poison Magic
  5154 | D:4      | Reached XP level 7. HP: 41/55 MP: 2/12
  5384 | D:4      | Reached skill level 2 in Poison Magic
  5531 | D:4      | Reached skill level 5 in Conjurations
  5531 | D:4      | Reached skill level 3 in Poison Magic
  6086 | D:5      | Entered Level 5 of the Dungeon
  6174 | D:5      | Reached skill level 4 in Poison Magic
  6379 | D:5      | Noticed Blork the orc
  6419 | D:5      | Reached XP level 8. HP: 32/62 MP: 2/14
  6433 | D:5      | Killed Blork the orc
  6840 | D:5      | Got an ichor-stained ring mail
  6841 | D:5      | Identified the +1 ring mail "Dinufeps" {rC+ rCorr Int+6}
                  | (You found it on level 5 of the Dungeon)
  6854 | D:5      | Noticed Ijyb
  6884 | D:5      | Killed Ijyb
  6986 | D:5      | Reached skill level 5 in Poison Magic
  7261 | D:5      | Reached skill level 1 in Air Magic
  7438 | D:5      | Found a snail-covered altar of Cheibriados.
  7446 | D:5      | Became a worshipper of Cheibriados the Contemplative
  7613 | D:5      | Found a runed translucent door.
  7614 | D:5      | Noticed Crazy Yiuf
  7841 | D:5      | Killed Crazy Yiuf
  8082 | D:6      | Reached skill level 6 in Poison Magic
  8249 | D:6      | Reached skill level 5 in Spellcasting
  8656 | D:6      | Reached XP level 9. HP: 62/68 MP: 6/16
  8756 | D:6      | Reached skill level 7 in Poison Magic
  8956 | D:6      | Reached * piety under Cheibriados
  9361 | D:6      | HP: 3/68 [wight/cursed +0 flail (4)]
  9362 | D:6      | Slain by a wight

Skill      XL: |  1  2  3  4  5  6  7  8  9 |
---------------+----------------------------+-----
Conjurations   | 2 3 4 5 6 |  6.2
Hexes          | 1 |  1.8
Translocations | 2 |  2.2
Fire Magic     | 1 2 3 4 |  4.3
Poison Magic   | 1 4 6 7 |  7.5
Spellcasting   | 4 5 |  5.3
Air Magic      | 2 |  2.7
Dodging        | |  1.5
Stealth        | |  3.0
Summonings     | |  1.0

Action                   |  1- 3 |  4- 6 |  7- 9 || total
-------------------------+-------+-------+-------++-------
Melee: Unarmed           |    17 |       |       ||    17
       Club              |    27 |    37 |       ||    64
       Short sword       |       |       |    62 ||    62
       Falchion          |       |       |    66 ||    66
 Cast: Magic Dart        |    88 |   177 |   262 ||   527
       Conjure Flame     |       |    11 |    20 ||    31
       Slow              |       |     5 |     3 ||     8
       Blink             |       |     4 |     6 ||    10
       Mephitic Cloud    |       |     3 |    10 ||    13
  Use: Scroll            |       |       |    15 ||    15
       Potion            |       |       |    11 ||    11
  Eat: Chunk             |     1 |     4 |     5 ||    10
       Ration            |       |     2 |     2 ||     4
Armor: Robe              |    11 |    30 |    12 ||    53
       Ring mail         |       |       |    27 ||    27
       Skin              |       |       |    41 ||    41
Dodge: Dodged            |    33 |    49 |    79 ||   161
       Rpst.: Falchion   |       |       |    10 ||    10
